Map: New Gettysburg LE

Players

viOLet - Winner!

  • Race: Zerg Zerg

Nerchio

  • Race: Zerg Zerg

Event: IEM Season 11 - Shanghai

VOD

Have the link to the VOD?

Description

Time

  • Played on: July 29, 2016, 8:39 a.m.
  • Length: 13:27

All games in this series

Show
View Real Time Build Order
Export as new Build Order

viOLet Zerg - Winner!

Build Orders: Hatch First 

Get SALT Encoding   

  12  0:00  Drone  
  13  0:12  Overlord  
  13  0:17  Drone  
  14  0:31  Drone x2  
  14  0:35  Drone  
  17  0:52  Hatchery  
  17  0:55  Drone  
  17  0:59  Drone  
  18  1:10  Extractor  
  17  1:13  Spawning Pool  
  17  1:16  Drone  
  17  1:20  Drone  
  18  1:29  Drone  
  19  1:39  Overlord  
  19  1:58  Drone  
  19  2:00  Queen  
  22  2:03  Zergling x2  
  22  2:04  Queen  
  22  2:05  Zergling x2  
  26  2:09  Metabolic Boost  
  26  2:13  Drone  
  27  2:17  Drone  
  28  2:25  Drone  
  29  2:32  Drone  
  30  2:39  Drone  
  30  2:41  Drone  
  32  2:50  Overlord  
  32  2:51  Drone  
  32  2:54  Hatchery  
  32  2:56  Zergling x2  
  33  2:59  Zergling x2  
  33  3:05  Zergling x2  
  35  3:08  Zergling x4  
  35  3:09  Zergling x2  
  35  3:10  Zergling x2  
  39  3:13  Zergling x4  
  39  3:15  Zergling x2  
  42  3:26  Roach Warren  
  41  3:29  Overlord  
  41  3:32  Overlord  
  41  3:38  Overlord  
  41  3:48  Drone x4  
  43  3:50  Drone  
  43  3:51  Drone  
  43  3:53  Drone  
  45  3:58  Drone  
  45  3:59  Drone  
  46  4:08  Drone x2  
  46  4:09  Drone  
  46  4:18  Roach  
  46  4:19  Roach  
  46  4:20  Roach x3  
  56  4:26  Roach  
  56  4:29  Roach  
  56  4:30  Roach  
  62  4:31  Overlord  
  62  4:34  Overlord  
  62  4:41  Roach x2  
  66  4:51  Zergling x14  
  71  4:53  Ravager x2  
  71  4:54  Zergling x4  
  71  4:57  Zergling x2  
  76  5:00  Zergling x4  
  76  5:02  Zergling x2  
  76  5:07  Zergling x2  
  80  5:17  Overlord  
  80  5:20  Queen  
  82  5:25  Overlord x2  
  82  5:36  Drone  
  82  5:37  Drone x7  
  82  5:38  Evolution Chamber  
  88  5:45  Roach  
  88  5:46  Roach x2  
  86  5:53  Roach  
  86  5:54  Roach  
  86  5:55  Roach, Zergling x4  
  84  5:59  Roach, Zergling x4  
  84  6:04  Extractor x2  
  76  6:11  Roach x2  
  76  6:13  Drone  
  79  6:21  Drone x3  
  82  6:32  Drone x3  
  85  6:34  Zerg Missile Weapons Level 1  
  85  6:36  Drone x5  
  85  6:37  Drone x3  
  93  6:41  Overlord  
  93  6:42  Overlord  
  93  6:43  Drone  
  94  6:53  Lair  
  93  6:57  Drone x3  
  93  6:58  Extractor  
  93  6:59  Extractor  
  94  7:04  Drone x3  
  97  7:14  Overlord x2  
  97  7:15  Roach x3  
  103  7:16  Roach x2  
  103  7:17  Roach x2  
  103  7:18  Roach  
  103  7:21  Roach  
  115  7:23  Hatchery  
  108  7:31  Roach  
  108  7:32  Roach  
  108  7:33  Roach  
  116  7:37  Roach x3  
  116  7:39  Roach  
  116  7:40  Overlord  
  116  7:43  Roach  
  122  7:45  Roach  
  122  7:46  Roach  
  122  7:50  Roach x3  
  123  7:53  Glial Reconstitution  
  123  7:57  Roach x3  
  127  8:04  Roach x2  
  131  8:12  Ravager x2  
  133  8:17  Roach x4  
  133  8:18  Overlord x2  
  141  8:24  Queen  
  141  8:25  Overlord x3  
  143  8:27  Extractor  
  143  8:30  Zerg Missile Weapons Level 2  
  142  8:36  Queen  
  142  8:40  Roach x7  
  142  8:41  Drone x2  
  160  8:46  Ravager  
  161  8:58  Roach x2  
  164  9:05  Roach x3  
  170  9:10  Roach x2  
  170  9:12  Spire  
  170  9:16  Extractor  
  172  9:17  Extractor  
  172  9:18  Roach x6  
  172  9:23  Overlord  
  183  9:34  Roach  
  181  9:39  Roach  
  181  9:41  Roach x2  
  181  9:42  Roach  
  181  9:44  Roach  
  181  9:45  Roach x2  
  177  9:46  Roach  
  177  9:48  Roach x3  
  177  9:49  Roach  
  177  9:52  Roach  
  177  9:53  Roach x2  
  177  9:55  Roach x2  
  177  9:56  Roach x2  
  177  9:58  Roach  
  166  10:00  Roach  
  166  10:07  Roach  
  166  10:10  Roach x2  
  166  10:11  Roach x2  
  166  10:12  Roach  
  168  10:14  Roach  
  168  10:16  Roach  
  144  10:23  Roach x3  
  144  10:24  Roach  
  137  10:30  Roach x4  
  145  10:40  Mutalisk  
  145  10:41  Mutalisk x3  
  153  10:46  Mutalisk  
  155  10:53  Mutalisk  
  155  10:55  Drone  
  155  10:56  Drone x3  
  161  11:03  Drone x4  
  165  11:05  Zerg Flyer Weapons Level 1  
  165  11:08  Overseer  
  165  11:09  Mutalisk  
  167  11:12  Mutalisk  
  167  11:16  Mutalisk  
  167  11:18  Mutalisk  
  171  11:22  Mutalisk  
  175  11:26  Mutalisk  
  175  11:30  Mutalisk  
  179  11:34  Mutalisk  
  179  11:39  Mutalisk  
  183  11:41  Overseer  
  183  11:42  Overlord  
  183  11:44  Drone x5  
  180  11:57  Mutalisk x2  
  182  12:02  Hatchery  
  182  12:06  Mutalisk x3  
  187  12:21  Mutalisk  
  187  12:22  Mutalisk x2  
  189  12:27  Mutalisk  
  189  12:28  Mutalisk  
  193  12:36  Mutalisk x2  
  153  12:47  Mutalisk x2  
  153  12:49  Zergling x16  
  153  12:53  Mutalisk  
  153  12:55  Mutalisk  
  153  12:57  Zergling x2  
  153  12:58  Zergling x6  
  155  13:02  Mutalisk  
Show
View Real Time Build Order
Export as new Build Order

Nerchio Zerg 

Build Orders: Pool First 

Get SALT Encoding   

  12  0:00  Drone  
  13  0:13  Overlord  
  13  0:18  Drone  
  14  0:31  Drone x2  
  14  0:35  Drone  
  17  0:46  Spawning Pool  
  17  0:50  Drone  
  17  1:11  Hatchery  
  17  1:13  Drone  
  17  1:17  Extractor  
  16  1:19  Drone  
  17  1:32  Queen  
  19  1:33  Zergling x2  
  19  1:36  Drone  
  21  1:40  Drone  
  22  1:50  Overlord  
  22  2:08  Queen  
  24  2:09  Drone  
  24  2:15  Drone  
  26  2:21  Metabolic Boost  
  26  2:23  Queen  
  26  2:25  Drone  
  26  2:29  Drone  
  30  2:33  Drone  
  30  2:36  Drone  
  32  2:40  Drone  
  32  2:41  Drone  
  33  2:46  Overlord  
  33  2:53  Zergling x4  
  35  3:05  Roach Warren  
  34  3:09  Drone x2  
  34  3:10  Zergling x2  
  37  3:22  Drone x2, Overlord  
  39  3:34  Drone  
  39  3:40  Overlord  
  40  3:44  Roach  
  40  3:45  Roach x2  
  40  3:47  Hatchery  
  45  3:48  Roach  
  45  3:51  Roach  
  45  3:55  Roach  
  48  3:59  Roach  
  48  4:00  Roach  
  48  4:05  Roach  
  48  4:10  Roach  
  48  4:14  Drone  
  48  4:15  Drone  
  49  4:17  Drone  
  49  4:20  Drone  
  49  4:22  Drone  
  52  4:29  Roach x2  
  56  4:32  Overlord  
  56  4:38  Queen  
  58  4:46  Overlord  
  58  4:52  Drone x3  
  61  4:53  Roach x2  
  61  4:54  Extractor  
  61  4:55  Zergling x2  
  61  4:57  Roach  
  67  5:08  Drone x2  
  67  5:09  Evolution Chamber, Roach x2  
  72  5:17  Roach x2  
  79  5:21  Roach  
  79  5:22  Spine Crawler, Zergling x4  
  79  5:24  Zergling x2  
  80  5:29  Overlord  
  80  5:30  Zergling x2  
  80  5:31  Zergling x2  
  80  5:47  Overlord, Roach  
  78  5:50  Roach  
  78  5:51  Roach x2  
  75  5:58  Roach  
  75  5:59  Roach  
  75  6:00  Roach  
  75  6:01  Roach  
  77  6:11  Drone  
  74  6:17  Lair  
  74  6:18  Drone x2  
  74  6:22  Queen  
  74  6:25  Drone  
  79  6:26  Hatchery  
  79  6:27  Drone  
  79  6:31  Evolution Chamber  
  78  6:33  Drone  
  78  6:36  Ravager  
  78  6:39  Zergling x2  
  81  6:44  Drone  
  81  6:46  Drone  
  83  6:48  Ravager  
  83  6:52  Roach  
  83  6:53  Overlord  
  84  6:54  Zergling x2  
  84  6:57  Roach  
  84  6:59  Spine Crawler, Roach  
  88  7:02  Overlord  
  87  7:11  Drone x2  
  87  7:12  Drone x2  
  91  7:16  Glial Reconstitution  
  91  7:18  Drone  
  89  7:34  Drone x6  
  94  7:37  Drone  
  94  7:38  Drone  
  94  7:39  Zerg Missile Weapons Level 1  
  94  7:40  Queen  
  93  7:52  Drone x5  
  93  7:57  Overlord x2  
  93  7:58  Extractor  
  96  8:01  Evolution Chamber, Drone x4, Infestation Pit  
  96  8:02  Extractor  
  96  8:03  Overseer  
  96  8:04  Drone  
  98  8:11  Extractor  
  97  8:13  Drone x3  
  97  8:14  Extractor  
  101  8:20  Roach x3  
  101  8:21  Roach  
  101  8:22  Overlord  
  101  8:24  Roach  
  109  8:28  Roach  
  109  8:30  Roach  
  109  8:31  Roach  
  117  8:34  Roach  
  117  8:37  Roach  
  117  8:38  Zergling x6  
  122  8:43  Spine Crawler  
  122  8:44  Ravager  
  122  8:45  Spine Crawler, Roach x2  
  122  8:48  Roach  
  127  8:50  Overlord  
  127  8:53  Overlord  
  127  8:56  Overlord  
  127  8:59  Overseer  
  127  9:00  Ravager, Overlord  
  127  9:02  Roach  
  130  9:09  Roach x3  
  135  9:10  Overlord  
  135  9:12  Roach  
  135  9:14  Roach  
  135  9:16  Ravager x2  
  140  9:18  Roach  
  142  9:25  Roach x2  
  142  9:26  Roach x3  
  152  9:32  Roach x3  
  152  9:37  Roach x3  
  161  9:43  Roach x2  
  147  9:47  Roach x2  
  147  9:48  Roach  
  147  9:49  Roach  
  147  9:52  Roach  
  133  9:53  Roach  
  133  9:55  Roach  
  133  9:59  Roach  
  121  10:01  Roach  
  121  10:04  Roach x2  
  121  10:07  Roach x2  
  121  10:09  Roach  
  121  10:12  Roach  
  113  10:15  Roach  
  113  10:20  Drone x3  
  107  10:21  Drone  
  107  10:25  Drone  
  109  10:31  Drone x2, Zerg Missile Weapons Level 2  
  109  10:34  Roach  
  109  10:35  Roach  
  115  10:36  Extractor  
  115  10:37  Roach  
  115  10:40  Roach  
  118  10:43  Ravager  
  118  10:47  Ravager  
  118  10:49  Queen, Roach  
  124  10:53  Roach x2  
  124  10:56  Roach  
  130  10:58  Roach  
  130  11:02  Roach  
  130  11:03  Roach  
  136  11:06  Roach  
  136  11:08  Roach  
  136  11:10  Roach  
  142  11:13  Roach  
  143  11:23  Roach  
  145  11:26  Infestor  
  147  11:33  Infestor  
  147  11:35  Queen  
  147  11:38  Hatchery, Infestor  
  152  11:46  Overlord  
  152  11:52  Infestor  
  152  11:56  Queen x2  
  152  11:59  Spore Crawler  
  152  12:00  Spore Crawler  
  154  12:05  Spore Crawler, Infestor  
  152  12:17  Roach x2  
  154  12:25  Queen  
  154  12:26  Spore Crawler  
  138  12:40  Roach x7  
  138  12:41  Roach  
  124  12:46  Roach  

Tags
 
Add a new tag
Caveats
  • Supply blocks, unpowered buildings, or Contaminate may cause inaccurate times.
  • Supply counts are checked every 10 seconds.